 Dungeon Crawl Stone Soup version 0.29-a0-330-g52719c12eb (webtiles) character file.

Game seed: 17710922283345096383

60 kae the Firebug (level 3, -9/26 HPs)
             Began as a Demigod Fire Elementalist on May 1, 2022.
             Mangled by an ogre
             ... wielding a +0 giant club
              (35 damage)
             ... on level 2 of the Dungeon.
             The game lasted 00:01:06 (2206 turns).

kae the Firebug (Demigod Fire Elementalist)         Turns: 2206, Time: 00:01:06

Health: -9/26      AC:  2    Str:  9    XL:     3   Next: 55%
Magic:  2/9        EV: 12    Int: 21    God:
Gold:   54         SH:  0    Dex: 14    Spells: 0/6 levels left

rFire   . . .      SeeInvis .   h - +0 whip
rCold   . . .      Faith    .   (no shield)
rNeg    . . .      Spirit   .   a - +0 robe
rPois   .          Reflect  .   (no helmet)
rElec   .          Harm     .   (no cloak)
rCorr   .          Rampage  .   (no gloves)
Will    .....                   (no boots)
Stlth   ++........              (no amulet)
HPRegen 0.08/turn               (no ring)
MPRegen 0.11/turn               (no ring)

@: no status effects
A: high MP 1, forlorn, divine attributes
a: no special abilities


You were on level 2 of the Dungeon.
You visited 1 branch of the dungeon, and saw 2 of its levels.

You collected 54 gold pieces.

Inventory:

Hand Weapons
 h - a +0 whip (weapon)
Armour
 a - a +0 robe (worn)
Scrolls
 c - a scroll of amnesia {unknown}
 f - 2 scrolls of teleportation
Potions
 b - a potion of magic
 d - a potion of berserk rage {unknown}
 e - a potion of cancellation {unknown}
 g - a potion of haste {unknown}
 i - a potion of degeneration {unknown}


   Skills:
 - Level 1.7 Dodging
 - Level 1.7 Stealth
 + Level 2.4 Spellcasting
 + Level 2.1 Conjurations
 + Level 3.3 Fire Magic


You couldn't memorise any spells.
You knew the following spells:

 Your Spells              Type           Power      Damage    Failure   Level
a - Foxfire               Conj/Fire      52%        2x1d6     4%          1
b - Scorch                Fire           32%        2d7       5%          2
c - Conjure Flame         Conj/Fire      13%        6-21      14%         3

Your spell library contained the following spells:

 Spells                   Type           Power      Damage    Failure   Level
 Inner Flame              Hex/Fire       9%         N/A       22%         3
 Flame Wave               Conj/Fire      13%        2d6       43%         4


Dungeon Overview and Level Annotations

Branches:
Dungeon (2/15)

Shops:
D:1 (


Innate Abilities, Weirdness & Mutations

You have an increased reservoir of magic. (+10% MP)
You shall have no god before yourself.
Your divine heritage dramatically boosts your attributes as you level up.


Message History

The foxfire hits the giant cockroach.
You kill the giant cockroach!
Your foxfire dissipates!
Found a plate armour.
You see here a giant cockroach corpse.
You see here a hobgoblin corpse.
You see here a +0 plate armour.
Things that are here:
a +0 ring mail; a +0 long sword You now have 54 gold pieces (gained 10).
Found an escape hatch in the floor.
i - a glowing brown potion An ogre comes into view.
It is wielding a +0 giant club.
Found a stone staircase leading up.
The ogre shouts!
Casting: Foxfire (safe; 4% risk of failure)
Confirm with . or Enter, or press ? or * to list all spells.
You conjure some foxfire!
The foxfire hits the ogre.
The ogre is lightly wounded.
An ogre is nearby!
An ogre is nearby!
Casting: Foxfire (safe; 4% risk of failure)
Confirm with . or Enter, or press ? or * to list all spells.
Flames lash the ogre.
The ogre is moderately wounded.
The ogre's fire resistance burns away.
The ogre closely misses you.
Casting: Scorch (safe; 5% risk of failure)
Confirm with . or Enter, or press ? or * to list all spells.
Flames lash the ogre.
The ogre is burned terribly!
The ogre is heavily wounded.
The ogre misses you. The ogre closely misses you.
Casting: Scorch (safe; 5% risk of failure)
Confirm with . or Enter, or press ? or * to list all spells.
Flames lash the ogre.
The ogre is burned terribly!
The ogre is almost dead.
The ogre hits you with a +0 giant club!!
Ouch! That really hurt!
You die...

#..........# #.#
#..........# #.#
#..........###.######
†...................#
#..........######...#
#..........#######..####>
..........................
#..........#####.#.######.
...######### #@#.# ##.#
#O.....# .# .....#.#
.####... .. ..... ## ...#<
... .##


You could see an ogre (combustible).

Vanquished Creatures
  An adder (D:2)
  2 dart slugs
  5 ball pythons (D:1)
  5 endoplasms (D:1)
  2 giant cockroaches
  6 goblins (D:1)
  7 hobgoblins
  A quokka (D:1)
  3 bats (D:1)
  A frilled lizard (D:1)
  2 kobolds (D:1)
  5 rats
40 creatures vanquished.

Vanquished Creatures (others)
  155 foxfires
155 creatures vanquished.

Grand Total: 195 creatures vanquished

Notes
Turn   | Place    | Note
-------+----------+-------------------------------------------
     0 | D:1      | kae the Demigod Fire Elementalist began the quest for the
                  | Orb.
     0 | D:1      | Reached XP level 1. HP: 14/14 MP: 5/5
     8 | D:1      | Reached skill level 1 in Conjurations
   228 | D:1      | Reached XP level 2. HP: 15/20 MP: 1/7
   417 | D:1      | Reached skill level 3 in Fire Magic
   824 | D:1      | Found Xufaf's Antique Weapon Emporium.
   994 | D:1      | Reached XP level 3. HP: 26/26 MP: 2/9
   997 | D:1      | Learned a level 2 spell: Scorch
  1001 | D:1      | Learned a level 3 spell: Conjure Flame
  2198 | D:2      | Noticed an ogre
  2206 | D:2      | Mangled by an ogre

Illustrated notes

Levels and vault maps discovered:
D:1:      mrwooster_arrival_statue_2, layout_loops_ring, serial_shops, shop,
          ebering_ecumenical_altar_abandoned, minmay_misc_feat_x,
          hangedman_glass_teeth, hangedman_decor_push, st_stairs_4,
          minmay_shallow_snake_nest
D:2:      layout_basic, basic_altar

Skill      XL: |  1  2  3 |
---------------+----------+-----
Conjurations   | 1 2 |  2.1
Spellcasting   | 2 |  2.4
Fire Magic     | 3 |  3.3
Dodging        | |  1.7
Stealth        | |  1.7

Action                   || total
-------------------------++-------
Melee: Unarmed           ||     3
 Cast: Foxfire           ||    98
       Scorch            ||     3
  Use: Scroll            ||     3
Armor: Robe              ||     2
Dodge: Dodged            ||    21

Table legend: (Time is in decaauts)
 A = Elapsed time spent in this place.
 B = Non-inter-level travel time spent in this place.
 C = Inter-level travel time spent in this place.
 D = Time resting spent in this place.
 E = Time spent auto-exploring this place.
 F = Levels seen in this place.
 G = Mean time per level.
                   A        B        C        D        E       F      G
               +--------+--------+--------+--------+--------+-----+--------+
         Total |   2205 |   2138 |     67 |      0 |   1834 |   2 | 1102.5 |
       Dungeon |   2205 |   2138 |     67 |      0 |   1834 |   2 | 1102.5 |
               +--------+--------+--------+--------+--------+-----+--------+

Top non-repeatable levels by time:
     D:1: 1965 daAuts
     D:2: 239 daAuts
